 Dungeon Crawl Stone Soup version 0.30.0-29-ga12c61a403 (webtiles) character file.

Game seed: 4278119532748970578

1817 H0rd4k the Cudgeller (level 9, 0/66 HPs)
             Began as a Human Artificer on June 12, 2023.
             Was an Initiate of Gozag.
             Slain by a gnoll
             ... wielding a +4 halberd
              (11 damage)
             ... on level 7 of the Dungeon.
             The game lasted 00:07:15 (5982 turns).

H0rd4k the Cudgeller (Human Artificer)              Turns: 5982, Time: 00:07:16

Health: 0/66       AC:  4    Str: 18    XL:     9   Next: 32%
Magic:  9/9        EV: 14    Int: 15    God:    Gozag
Gold:   227        SH:  0    Dex: 15    Spells: 8/8 levels left

rFire   + + .        u - +0 whip (flame)
rCold   x . .        (no shield)
rNeg    . . .        v - +2 robe {rF+}
rPois   .            (no helmet)
rElec   .            (no cloak)
rCorr   .            (no gloves)
SInv    .            (no boots)
Will    .....        p - amulet of magic regeneration
Stlth   +++          g - +6 ring of strength
HPRegen 0.31/turn    o - ring of fire
MPRegen 0.51/turn

%: no passive effects
@: gold aura
A: no striking features
a: Renounce Religion, Potion Petition, Call Merchant, Bribe Branch


You were on level 7 of the Dungeon.
You worshipped Gozag.
Gozag was aware of your devotion.
You visited 2 branches of the dungeon, and saw 8 of its levels.

You collected 396 gold pieces.
You paid 169 gold pieces to Gozag.

Inventory:

Hand Weapons
 u - a +0 whip of flaming (weapon)
Missiles
 a - 20 poisoned darts
Armour
 e - a +0 cloak
 v - a +2 robe of fire resistance (worn)
Jewellery
 g - a +6 ring of strength (left hand)
 o - a ring of fire (right hand)
 p - an amulet of magic regeneration (around neck)
Scrolls
 b - a scroll of magic mapping {unknown}
 h - a scroll of poison
 j - a scroll of teleportation {unknown}
 k - 4 scrolls of identify
 l - 4 scrolls of noise
 q - a scroll of fog {unknown}
 r - 2 scrolls of fear {unknown}
 t - 4 scrolls of enchant weapon {unknown}
Potions
 d - a potion of flight {unknown}
 f - a potion of heal wounds
 i - a potion of degeneration {unknown}
 n - 3 potions of curing


   Skills:
 + Level 4.6 Fighting
 + Level 7.0 Maces & Flails
 - Level 2.0 Armour
 + Level 4.6 Dodging
 + Level 4.0 Stealth
 + Level 5.6 Evocations


You had 8 spell levels left.
You didn't know any spells.
Your spell library contained the following spells:

 Spells                   Type           Power      Damage    Failure   Level
 Sublimation of Blood     Necr           0%         N/A       38%         2
 Wereblood                Tmut           0%         N/A       38%         2
 Petrify                  Tmut/Erth      0%         N/A       95%         4
 Irradiate                Conj/Tmut      0%         3d11      100%        5
 Iskenderun's Battlesphe  Conj           0%         2d6       100%        5
 Iron Shot                Conj/Erth      0%         9d1       100%        6
 Spellforged Servitor     Conj/Summ      0%         N/A       100%        7
 Summon Hydra             Summ           0%         N/A       100%        7


Dungeon Overview and Level Annotations

Branches:
Dungeon (7/15)             Temple (1/1) D:7

Altars:
Ashenzari
Cheibriados
Dithmenos
Elyvilon
Fedhas
Gozag
Hepliaklqana
Kikubaaqudgha
Makhleb
Nemelex Xobeh
Okawaru
Qazlal
Ru
Sif Muna
Trog
Uskayaw
Vehumet
Wu Jian
Xom
Yredelemnul
Zin

Shops:
D:5 *[(

Annotations:
D:6 Sigmund
Temple 2 transporters


Message History

The gnoll is distracted by your dazzling golden aura.
The gnoll completely misses you.
You closely miss the kobold brigand.
The kobold brigand is lightly wounded.
The kobold brigand hits you with a +0 whip.
The gnoll misses you.
You closely miss the kobold brigand.
The kobold brigand is lightly wounded.
The gnoll hits you from afar with a +4 halberd!
The kobold brigand barely misses you.
You closely miss the kobold brigand.
The kobold brigand is lightly wounded.
The gnoll shouts!
You hit the kobold brigand but do no damage.
The kobold brigand is lightly wounded.
The gnoll is no longer distracted by gold.
The kobold brigand hits you with a +0 whip.
The gnoll hits you from afar with a +4 halberd.
You miss the kobold brigand.
The kobold brigand is lightly wounded.
The kobold brigand misses you.
A gnoll comes into view. It is wielding a +0 flail.
The gnoll hits you from afar with a +4 halberd!
You completely miss the kobold brigand.
The kobold brigand is lightly wounded.
The kobold brigand hits you with a +0 whip.
The gnoll hits you from afar with a +4 halberd!
* * * LOW HITPOINT WARNING * * *
You closely miss the kobold brigand.
The kobold brigand is lightly wounded.
You barely miss the kobold brigand.
The kobold brigand is lightly wounded.
The kobold brigand hits you with a +0 whip!
* * * LOW HITPOINT WARNING * * *
The gnoll barely misses you.
You barely miss the kobold brigand.
The kobold brigand is lightly wounded.
The gnoll hits you from afar with a +4 halberd!
You die...
Your body crumbles into a pile of gold.

#.############# ###
#.............# #..
#.###..######.# #.#####
####.####.# #.# #.#...
#.........# #.######.#.###
#.#######.# #.##.....).<..
##.#.....#.# #.##.....#####
#..#.....#.######..g.....)....
#..#.._..'...@Kg#............#
#..#.....#.####gg.............
#..#.....#.###################
#..#######....#.......>.......
#.............#..○............
#.............#..☼............
#######.......#...............
#.......#..............○
#.......#...............


You could see a kobold brigand and 3 gnolls.

Vanquished Creatures
  Pikel (D:4)
  Menkaure (D:6)
  A water moccasin (D:7)
  An ice beast (D:7)
  A phantom (D:4)
  A kobold brigand (D:4)
  3 howler monkeys (D:7)
  4 hounds
  2 jellies (D:5)
  2 orc priests (D:7)
  4 sleepcaps
  2 orc wizards (D:5)
  An iguana (D:7)
  Robin (D:4)
  3 gnolls
  4 adders
  2 ufetubi
  2 worms (D:5)
  2 dart slugs
  16 orcs
  3 ball pythons
  4 endoplasms
  5 giant cockroaches
  12 goblins
  10 hobgoblins
  6 kobolds
  2 quokkas (D:1)
  3 bats (D:1)
  4 frilled lizards (D:1)
  4 rats
107 creatures vanquished.

Vanquished Creatures (collateral kills)
  An ogre (D:4)
  2 lemures (D:4)
  A scorpion (D:4)
  A dart slug (D:4)
  3 orcs (D:4)
  2 endoplasms
  A goblin (D:4)
  2 hobgoblins (D:4)
  A quokka (D:4)
  A rat (D:1)
15 creatures vanquished.

Vanquished Creatures (others)
  Grinder (D:4)
  An adder (D:4)
  A goblin (D:1)
  A kobold (D:4)
4 creatures vanquished.

Grand Total: 126 creatures vanquished

Notes
Turn   | Place    | Note
-------+----------+-------------------------------------------
     0 | D:1      | H0rd4k the Human Artificer began the quest for the Orb.
     0 | D:1      | Reached XP level 1. HP: 15/15 MP: 1/1
   122 | D:1      | Reached XP level 2. HP: 14/21 MP: 2/2
   470 | D:1      | Reached XP level 3. HP: 21/26 MP: 3/3
   808 | D:2      | Found a shimmering altar of Xom.
  1447 | D:3      | You fall into a shaft and drop 1 floor!
  1454 | D:4      | Noticed Pikel
  1454 | D:4      | Noticed a lemure
  1454 | D:4      | Noticed a lemure
  1454 | D:4      | Noticed a lemure
  1454 | D:4      | Noticed a lemure
  1462 | D:4      | Noticed a scorpion
  1465 | D:4      | Noticed a kobold brigand
  1472 | D:4      | Reached skill level 1 in Maces & Flails
  1479 | D:4      | Reached XP level 4. HP: 22/32 MP: 4/4
  1480 | D:4      | Killed a lemure
  1487 | D:4      | Killed a lemure
  1494 | D:4      | Noticed an ogre
  1556 | D:4      | HP: 1/32 [sleepcap (20)]
  1574 | D:4      | Killed a scorpion
  1575 | D:4      | Reached skill level 2 in Maces & Flails
  1575 | D:4      | Reached XP level 5. HP: 7/38 MP: 5/5
  1735 | D:4      | Noticed a phantom
  1741 | D:4      | Killed a phantom
  1742 | D:4      | Reached XP level 6. HP: 44/44 MP: 6/6
  1878 | D:4      | Identified the +7 chain mail "Nilixkyva" {Rampage rF+ Str-3
                  | Int+4}
  1912 | D:4      | Killed an ogre
  1913 | D:4      | Reached skill level 3 in Maces & Flails
  1934 | D:4      | Killed Pikel
  1935 | D:4      | Reached skill level 4 in Maces & Flails
  1935 | D:4      | Reached XP level 7. HP: 51/51 MP: 7/7
  2013 | D:4      | Noticed Grinder
  2023 | D:4      | Paralysed by Grinder for 2 turns
  2031 | D:4      | Paralysed by Grinder for 5 turns
  2042 | D:4      | Your ally Grinder died
  2043 | D:4      | Reached skill level 5 in Evocations
  2043 | D:4      | Reached XP level 8. HP: 26/58 MP: 8/8
  2296 | D:4      | Noticed Robin
  2320 | D:4      | Killed Robin
  2554 | D:5      | Entered Level 5 of the Dungeon
  2619 | D:5      | Reached skill level 5 in Maces & Flails
  2787 | D:5      | Found Fan Vog's Antique Weapon Boutique.
  2797 | D:5      | Found a bloodstained altar of Trog.
  3186 | D:5      | Found Opnujemn's General Store.
  3267 | D:5      | Found Bixkich's Antique Armour Shoppe.
  3359 | D:5      | Found a broken altar of Ashenzari.
  4199 | D:6      | Noticed Menkaure
  4200 | D:6      | Noticed Sigmund
  4334 | D:6      | Killed Menkaure
  4438 | D:6      | Reached skill level 6 in Maces & Flails
  4757 | D:5      | Reached XP level 9. HP: 65/65 MP: 9/9
  5481 | D:7      | Found a stormy altar of Qazlal.
  5501 | D:7      | Reached skill level 7 in Maces & Flails
  5816 | D:7      | Found a staircase to the Ecumenical Temple.
  5825 | Temple   | Entered the Ecumenical Temple
  5825 | Temple   | Found a transporter.
  5825 | Temple   | Found a transporter.
  5827 | Temple   | Found a transporter.
  5827 | Temple   | Found a transporter.
  5840 | Temple   | Became a worshipper of Gozag Ym Sagoz the Greedy
  5982 | D:7      | Slain by a gnoll

Illustrated notes

Levels and vault maps discovered:
D:1:      minmay_arrival_split_and_join, layout_rooms, amcnicky_mini_pool_small
D:2:      layout_basic, basic_altar
D:3:      layout_basic, ebering_ecumenical_altar_box,
          chequers_serial_rivers_small_b, hellmonk_no_cap
D:4:      layout_basic, uniq_grinder, uniq_pikel, uniq_robin
D:5:      layout_basic, mainiacjoe_overflow_catch_the_wave, serial_shops,
          nicolae_shop_hallway_stairs, shop, shop_coins
D:6:      cheibrodos_quashed, layout_basic, uniq_crazy_yiuf_cottage,
          uniq_menkaure, uniq_sigmund
D:7:      minmay_s_stair_smasher, layout_basic, amcnicky_altar_gilded,
          lemuel_temple_firewalk_b
Temple:   hellmonk_temple_divided_pantheon

Skill      XL: |  1  2  3  4  5  6  7  8  9 |
---------------+----------------------------+-----
Maces & Flails | 1 2 4 6 7 |  7.0
Dodging        | 2 3 4 |  4.6
Evocations     | 4 5 |  5.6
Fighting       | 2 3 4 |  4.6
Stealth        | 2 3 4 |  4.0
Armour         | |  2.0

Action                     |  1- 3 |  4- 6 |  7- 9 || total
---------------------------+-------+-------+-------++-------
  Melee: Club              |   124 |    11 |       ||   135
         Mace              |       |     7 |       ||     7
         Whip              |       |       |   367 ||   367
         Punch             |       |       |     4 ||     4
  Evoke: Wand              |     9 |    16 |    10 ||    35
    Use: Scroll            |       |       |     4 ||     4
         Potion            |       |       |     2 ||     2
   Stab: Sleeping          |     2 |     1 |     5 ||     8
         Distracted        |       |       |     1 ||     1
 Armour: Leather armour    |    42 |     4 |       ||    46
         Robe              |       |       |    49 ||    49
  Dodge: Dodged            |   100 |     9 |   207 ||   316
